AAA
OTTAWA ODDBALLS @ BIRMINGHAM BARONS
08/19/2052
 
TOP OF THE 1ST
Wilkes-Barre Barons batting - Pitching for Orlando Wizards : LHP Sergio Castro
Pitching: LHP Sergio Castro
Batting: RHB Leo Vela 0-0: Called Strike
0-1: Ball
1-1: Foul Ball, location: 2F
1-2: Foul Ball, location: 2F
1-2: Ball
2-2: Ground out 6-3 (Groundball, 6M, EV 83.8 MPH)
Batting: LHB Adrian Rockey 0-0: Ball
1-0: Ball
2-0: Foul Ball, location: 2F
2-1: Fly out, F7 (Flyball, 7S, EV 84.4 MPH)
Batting: LHB Orlando Pimentel 0-0: Ground out 5-3 (Groundball, 56S, EV 83.8 MPH)
Top of the 1st over - 0 runs, 0 hits, 0 errors, 0 left on base; Wilkes-Barre 0 - Orlando 0
BOTTOM OF THE 1ST
Orlando Wizards batting - Pitching for Wilkes-Barre Barons : RHP Troy Rhode
Pitching: RHP Troy Rhode
Batting: RHB Juan Delgado 0-0: Foul Ball, location: 2F
0-1: Ball
1-1: Foul Ball, location: 2F
1-2: Foul Ball, location: 2F
1-2: Strikes out looking
Batting: LHB Mike Lancaster 0-0: Ball
1-0: Reached on error, E3 (Groundball, 3, EV 105.6 MPH)
Batting: RHB Evangelisto Santana 0-0: Ball
1-0: Ball
2-0: Ball
3-0: Base on Balls
Mike Lancaster to second
Batting: RHB Mason Knapp 0-0: Called Strike
0-1: Ball
1-1: Foul Ball, location: 2F
1-2: Ball
2-2: DOUBLE (Line Drive, 7LM, EV 100.0 MPH)
Mike Lancaster scores
Evangelisto Santana to third
Batting: SHB Rick Guerrero 0-0: Ball
Wild Pitch!
Evangelisto Santana scores
Mason Knapp to third
1-0: Ball
2-0: Ball
3-0: Called Strike
3-1: Base on Balls
Batting: LHB Hudson Pysher 0-0: Ball
1-0: Foul Ball, location: 2F
1-1: Foul Ball, location: 2F
1-2: Foul Ball, location: 2F
1-2: SINGLE (Line Drive, 9LS, EV 107.5 MPH)
Mason Knapp scores
Rick Guerrero to second
Batting: RHB Josh Stotts 0-0: Swinging Strike
0-1: Ball
1-1: Fly out, F9 (Flyball, 9LS, EV 85.0 MPH)
Batting: LHB Armando Landry 0-0: Ball
1-0: Called Strike
1-1: Ball
2-1: Foul Ball, location: 2F
2-2: Ball
3-2: Base on Balls
Rick Guerrero to third
Hudson Pysher to second
Batting: RHB Jesse Camp 0-0: Ball
1-0: Ball
2-0: Called Strike
2-1: SINGLE (Line Drive, 56, EV 103.1 MPH)
Rick Guerrero scores
Hudson Pysher to third
Armando Landry to second
Runner from 3rd tries for Home, SAFE, throw by LF to home
Batting: RHB Juan Delgado 0-0: Fly out, F8 (Flyball, 78XD, EV 94.4 MPH)
Bottom of the 1st over - 5 runs, 3 hits, 1 error, 2 left on base; Wilkes-Barre 0 - Orlando 5
TOP OF THE 2ND
Wilkes-Barre Barons batting - Pitching for Orlando Wizards : LHP Sergio Castro
Batting: RHB Gil Albert 0-0: Swinging Strike
0-1: Called Strike
0-2: Strikes out swinging
Batting: RHB Francisco Cerna 0-0: Ball
1-0: Fly out, F8 (Flyball, 8LS, EV 87.5 MPH)
Batting: RHB Lyndon Jewers 0-0: Ball
1-0: Ball
2-0: Called Strike
2-1: Ground out 6-3 (Groundball, 6M, EV 111.2 MPH)
Top of the 2nd over - 0 runs, 0 hits, 0 errors, 0 left on base; Wilkes-Barre 0 - Orlando 5
BOTTOM OF THE 2ND
Orlando Wizards batting - Pitching for Wilkes-Barre Barons : RHP Troy Rhode
Batting: LHB Mike Lancaster 0-0: Foul Ball, location: 2F
0-1: SINGLE (Line Drive, 4MD, EV 100.6 MPH)
Batting: RHB Evangelisto Santana 0-0: Swinging Strike
0-1: Ball
1-1: Fly out, F9 (Flyball, 9S, EV 76.2 MPH)
Batting: RHB Mason Knapp 0-0: Called Strike
0-1: Swinging Strike
0-2: Ball
1-2: Ball
2-2: Strikes out swinging
Batting: SHB Rick Guerrero 0-0: Ball
1-0: Ball
2-0: Ball
3-0: Base on Balls
Mike Lancaster to second
Pitching: LHP Mike Acevedo
Batting: LHB Hudson Pysher 0-0: Swinging Strike
0-1: Called Strike
0-2: Ball
1-2: Ball
2-2: Strikes out swinging
Bottom of the 2nd over - 0 runs, 1 hit, 0 errors, 2 left on base; Wilkes-Barre 0 - Orlando 5
TOP OF THE 3RD
Wilkes-Barre Barons batting - Pitching for Orlando Wizards : LHP Sergio Castro
Batting: RHB Andres Rivero 0-0: SINGLE (Groundball, 56S, EV 77.5 MPH) (infield hit)
Batting: RHB Mike Holm 0-0: Ball
1-0: Fly out, F9 (Flyball, 9S, EV 91.9 MPH)
Batting: SHB Zachary Tomczak 0-0: SINGLE (Groundball, 6MD, EV 95.0 MPH)
Andres Rivero to second
Batting: RHB Leo Vela 0-0: Called Strike
0-1: Grounds into double play, 5-4-3 (Groundball, 56D, EV 86.9 MPH)
Top of the 3rd over - 0 runs, 2 hits, 0 errors, 1 left on base; Wilkes-Barre 0 - Orlando 5
BOTTOM OF THE 3RD
Orlando Wizards batting - Pitching for Wilkes-Barre Barons : LHP Mike Acevedo
Batting: RHB Josh Stotts 0-0: Ball
1-0: Ball
2-0: Fly out, F8 (Flyball, 8RD, EV 96.9 MPH)
Batting: LHB Armando Landry 0-0: Called Strike
0-1: Ball
1-1: Ground out U3 (Groundball, 3, EV 96.2 MPH)
Batting: RHB Jesse Camp 0-0: Ground out 5-3 (Groundball, 5, EV 107.5 MPH)
Bottom of the 3rd over - 0 runs, 0 hits, 0 errors, 0 left on base; Wilkes-Barre 0 - Orlando 5
TOP OF THE 4TH
Wilkes-Barre Barons batting - Pitching for Orlando Wizards : LHP Sergio Castro
Batting: LHB Adrian Rockey 0-0: Foul Ball, location: 2F
0-1: SINGLE (Line Drive, 6D, EV 94.4 MPH)
Batting: LHB Orlando Pimentel 0-0: Fly out, F9 (Flyball, 9S, EV 86.2 MPH)
Batting: RHB Gil Albert 0-0: Ball
1-0: Swinging Strike
1-1: Fielders Choice at 2nd, 6-4 (Groundball, 6M, EV 102.5 MPH)
Batting: RHB Francisco Cerna 0-0: Ball
1-0: Ball
2-0: Called Strike
2-1: Foul Ball, location: 2F
2-2: Strikes out swinging
Top of the 4th over - 0 runs, 1 hit, 0 errors, 1 left on base; Wilkes-Barre 0 - Orlando 5
BOTTOM OF THE 4TH
Orlando Wizards batting - Pitching for Wilkes-Barre Barons : LHP Mike Acevedo
Batting: RHB Juan Delgado 0-0: Called Strike
0-1: Swinging Strike
0-2: Ball
1-2: Ball
2-2: Ball
3-2: Ground out 5-3 (Groundball, 56, EV 83.8 MPH)
Batting: LHB Mike Lancaster 0-0: Ball
1-0: Ball
2-0: Ball
3-0: Called Strike
3-1: Swinging Strike
3-2: SOLO HOME RUN (Flyball, 9D, EV 90.0 MPH), Distance : 345 ft
Batting: RHB Evangelisto Santana 0-0: SINGLE (Groundball, 4D, EV 112.5 MPH)
Batting: RHB Mason Knapp 0-0: Ball
1-0: Ball
2-0: Called Strike
2-1: Foul Ball, location: 2F
2-2: Strikes out swinging
Batting: SHB Rick Guerrero 0-0: Foul Ball, location: 2F
0-1: Ball
1-1: Foul Ball, location: 2F
1-2: Strikes out looking
Bottom of the 4th over - 1 run, 2 hits, 0 errors, 1 left on base; Wilkes-Barre 0 - Orlando 6
TOP OF THE 5TH
Wilkes-Barre Barons batting - Pitching for Orlando Wizards : LHP Sergio Castro
Batting: RHB Lyndon Jewers 0-0: Ball
1-0: Ball
2-0: Ball
3-0: Base on Balls
Batting: RHB Andres Rivero 0-0: Ball
1-0: Swinging Strike
1-1: Foul Ball, location: 2F
1-2: Strikes out swinging
Batting: RHB Mike Holm 0-0: Ball
1-0: Fly out, F7 (Flyball, 7D, EV 93.1 MPH)
Batting: SHB Zachary Tomczak 0-0: Called Strike
0-1: Foul Ball, location: 2F
0-2: Ball
1-2: Ball
2-2: Fly out, F7 (Line Drive, 7, EV 93.8 MPH)
Top of the 5th over - 0 runs, 0 hits, 0 errors, 1 left on base; Wilkes-Barre 0 - Orlando 6
BOTTOM OF THE 5TH
Orlando Wizards batting - Pitching for Wilkes-Barre Barons : LHP Mike Acevedo
Batting: LHB Hudson Pysher 0-0: Ball
1-0: Ball
2-0: SINGLE (Groundball, 56D, EV 94.4 MPH)
Batting: RHB Josh Stotts 0-0: Swinging Strike
0-1: Ball
1-1: Ball
2-1: Fly out, F8 (Flyball, 8RXD, EV 103.8 MPH)
Batting: LHB Armando Landry 0-0: Ball
1-0: Swinging Strike
1-1: Ball
2-1: Foul Ball, location: 2F
2-2: SINGLE (Flyball, 8RS, EV 88.1 MPH)
Hudson Pysher to second
Pitching: RHP Ryan Barry
Batting: RHB Jesse Camp 0-0: SINGLE (Groundball, 56D, EV 96.9 MPH)
Hudson Pysher to third
Armando Landry to second
Runner from 3rd tries for Home, SAFE, throw by LF to home
Batting: RHB Juan Delgado 0-0: Ball
1-0: Ball
2-0: Ball
3-0: Base on Balls
Armando Landry to third
Jesse Camp to second
Batting: LHB Mike Lancaster 0-0: SINGLE (Line Drive, 89S, EV 105.0 MPH)
Armando Landry scores
Jesse Camp to third
Juan Delgado to second
Batting: RHB Evangelisto Santana 0-0: SINGLE (Groundball, 6MD, EV 101.9 MPH)
Jesse Camp scores
Juan Delgado to third
Mike Lancaster to second
Runner from 3rd tries for Home, SAFE, throw by CF to home
Batting: RHB Mason Knapp 0-0: Called Strike
0-1: Ball
1-1: Ball
2-1: Ball
3-1: Fielders Choice at 2nd, 2-4 (Groundball, 15S, EV 64.4 MPH)
Mike Lancaster to third
Batting: SHB Rick Guerrero 0-0: Called Strike
0-1: Ball
1-1: Ball
2-1: Ground out 1-3 (Groundball, P, EV 70.0 MPH)
Bottom of the 5th over - 4 runs, 5 hits, 0 errors, 2 left on base; Wilkes-Barre 0 - Orlando 10
TOP OF THE 6TH
Wilkes-Barre Barons batting - Pitching for Orlando Wizards : LHP Sergio Castro
Batting: RHB Leo Vela 0-0: Ball
1-0: Foul Ball, location: 2F
1-1: Ball
2-1: Ground out 4-3 (Groundball, 4, EV 76.2 MPH)
Batting: LHB Adrian Rockey 0-0: Swinging Strike
0-1: Ball
1-1: Foul Ball, location: 2F
1-2: Foul Ball, location: 2F
1-2: Ball
2-2: Strikes out looking
Batting: LHB Orlando Pimentel 0-0: Called Strike
0-1: Hit by Pitch
Batting: RHB Gil Albert 0-0: Called Strike
0-1: Fly out, F7 (Flyball, 7S, EV 95.0 MPH)
Top of the 6th over - 0 runs, 0 hits, 0 errors, 1 left on base; Wilkes-Barre 0 - Orlando 10
BOTTOM OF THE 6TH
Orlando Wizards batting - Pitching for Wilkes-Barre Barons : RHP Ryan Barry
Batting: LHB Hudson Pysher 0-0: Ball
1-0: Swinging Strike
1-1: Fly out, F6 (Line Drive, 6, EV 70.0 MPH)
Batting: RHB Josh Stotts 0-0: Ball
1-0: Foul Ball, location: 2F
1-1: Ball
2-1: Swinging Strike
2-2: Ball
3-2: Strikes out looking
Batting: LHB Armando Landry 0-0: Ball
1-0: Foul Ball, location: 2F
1-1: Ground out 4-3 (Groundball, 4, EV 90.0 MPH)
Bottom of the 6th over - 0 runs, 0 hits, 0 errors, 0 left on base; Wilkes-Barre 0 - Orlando 10
TOP OF THE 7TH
Wilkes-Barre Barons batting - Pitching for Orlando Wizards : LHP Sergio Castro
Batting: RHB Francisco Cerna 0-0: Called Strike
0-1: Ball
1-1: Foul Ball, location: 2F
1-2: Ball
2-2: SINGLE (Groundball, 56S, EV 70.6 MPH) (infield hit)
Batting: RHB Lyndon Jewers 0-0: Foul Ball, location: 2F
0-1: Grounds into double play, 5-4-3 (Groundball, 56, EV 86.9 MPH)
Batting: RHB Andres Rivero 0-0: Swinging Strike
0-1: Called Strike
0-2: Foul Ball, location: 2F
0-2: Ball
1-2: Foul Ball, location: 2F
1-2: SOLO HOME RUN (Flyball, 78XD, EV 101.9 MPH), Distance : 383 ft
Batting: RHB Mike Holm 0-0: Ground out 4-3 (Groundball, 4, EV 110.6 MPH)
Top of the 7th over - 1 run, 2 hits, 0 errors, 0 left on base; Wilkes-Barre 1 - Orlando 10
BOTTOM OF THE 7TH
Orlando Wizards batting - Pitching for Wilkes-Barre Barons : RHP Ryan Barry
Batting: RHB Jesse Camp 0-0: Foul Ball, location: 2F
0-1: Foul Ball, location: 2F
0-2: Strikes out swinging
Batting: RHB Juan Delgado 0-0: Foul Ball, location: 2F
0-1: Foul Ball, location: 2F
0-2: Strikes out looking
Batting: LHB Mike Lancaster 0-0: Ball
1-0: Ground out 4-3 (Groundball, 4, EV 101.9 MPH)
Bottom of the 7th over - 0 runs, 0 hits, 0 errors, 0 left on base; Wilkes-Barre 1 - Orlando 10
TOP OF THE 8TH
Wilkes-Barre Barons batting - Pitching for Orlando Wizards : LHP Sergio Castro
Pitching: RHP Jose Ramirez
Batting: SHB Zachary Tomczak 0-0: Called Strike
0-1: Called Strike
0-2: Ball
1-2: Foul Ball, location: 2F
1-2: Strikes out swinging
Pinch Hitting: LHB Miguel Castrejon 0-0: Swinging Strike
0-1: Called Strike
0-2: Strikes out swinging
Batting: LHB Adrian Rockey 0-0: Called Strike
0-1: Ground out 4-3 (Groundball, 4, EV 86.9 MPH)
Top of the 8th over - 0 runs, 0 hits, 0 errors, 0 left on base; Wilkes-Barre 1 - Orlando 10
BOTTOM OF THE 8TH
Orlando Wizards batting - Pitching for Wilkes-Barre Barons : RHP Ryan Barry
Now at 2B: Chris Hester
Batting: RHB Evangelisto Santana 0-0: SINGLE (Line Drive, 89S, EV 90.6 MPH)
Batting: RHB Mason Knapp 0-0: Ball
1-0: SINGLE (Flyball, 8RS, EV 90.6 MPH)
Evangelisto Santana to second
Pitching: RHP Jin Chuang
Batting: SHB Rick Guerrero 0-0: Fly out, F9 (Line Drive, 9, EV 93.8 MPH)
Batting: LHB Hudson Pysher 0-0: Ball
1-0: Called Strike
1-1: Ball
2-1: Swinging Strike
2-2: Fly out, F8 (Flyball, 8RM, EV 85.6 MPH)
Batting: RHB Josh Stotts 0-0: Called Strike
0-1: SINGLE (Line Drive, 6D, EV 103.8 MPH)
Evangelisto Santana to third
Mason Knapp to second
Batting: LHB Armando Landry 0-0: Called Strike
0-1: Ball
Wild Pitch!
Evangelisto Santana scores
Mason Knapp to third
Josh Stotts to second
1-1: Ball
2-1: Swinging Strike
2-2: Ball
3-2: Ground out 4-3 (Groundball, 4, EV 81.2 MPH)
Bottom of the 8th over - 1 run, 3 hits, 0 errors, 2 left on base; Wilkes-Barre 1 - Orlando 11
TOP OF THE 9TH
Wilkes-Barre Barons batting - Pitching for Orlando Wizards : RHP Jose Ramirez
Batting: LHB Orlando Pimentel 0-0: Foul Ball, location: 2F
0-1: Fly out, F6 (Popup, 6MS, EV 66.2 MPH)
Batting: RHB Gil Albert 0-0: Swinging Strike
0-1: Ground out 5-3 (Groundball, 56, EV 88.8 MPH)
Batting: RHB Francisco Cerna 0-0: Ball
1-0: Foul Ball, location: 2F
1-1: Ball
2-1: Ball
3-1: Base on Balls
Batting: RHB Lyndon Jewers 0-0: Ball
1-0: Foul Ball, location: 2F
1-1: SINGLE (Groundball, 6MD, EV 98.1 MPH)
Francisco Cerna to second
Batting: RHB Andres Rivero 0-0: Ball
1-0: Called Strike
1-1: Foul Ball, location: 2F
1-2: Foul Ball, location: 2F
1-2: Ball
2-2: Foul Ball, location: 2F
2-2: Ball
3-2: SINGLE (Groundball, 6MD, EV 96.9 MPH)
Francisco Cerna to third
Lyndon Jewers to second
Francisco Cerna scores
Lyndon Jewers to third
Batting: RHB Mike Holm 0-0: Called Strike
0-1: Foul Ball, location: 2F
0-2: Foul Ball, location: 2F
0-2: Ground out U3 (Groundball, 34S, EV 91.2 MPH)
Top of the 9th over - 1 run, 2 hits, 0 errors, 2 left on base; Wilkes-Barre 2 - Orlando 11
Saturday, May 4th , 2024 - OOTP Baseball 24.11 Build 85